 Dungeon Crawl Stone Soup version 0.22-a0-149-g870e420 (webtiles) character file.

4 mhoghedin the Conjurer (level 1, 0/10 HPs)
             Began as a Kobold Conjurer on Feb 7, 2018.
             Slain by an ooze (1 damage)
             ... on level 1 of the Dungeon.
             The game lasted 00:01:18 (54 turns).

mhoghedin the Conjurer (Kobold Conjurer)              Turns: 54, Time: 00:01:19

Health: 0/10       AC:  2    Str:  5    XL:     1   Next: 66%
Magic:  0/3        EV: 15    Int: 16    God:
Gold:   0          SH:  0    Dex: 15    Spells: 3/4 levels left

rFire    . . .     SeeInvis .   d - +0 club
rCold    . . .     Gourm    .   (shield restricted)
rNeg     . . .     Faith    .   a - +0 robe
rPois    .         Spirit   .   (no helmet)
rElec    .         Reflect  .   (no cloak)
rCorr    .         Harm     .   (no gloves)
MR       .....                  (no boots)
Stlth    ++........             (no amulet)
HPRegen  0.03/turn              (no ring)
MPRegen  0.08/turn              (no ring)

@: no status effects
A: small, carnivore
a: no special abilities


You were on level 1 of the Dungeon.
You were not hungry.

You visited 1 branch of the dungeon, and saw 1 of its levels.

Inventory:

Hand Weapons
 d - a +0 club (weapon)
   (You took it off a hobgoblin on level 1 of the Dungeon)
Armour
 a - a +0 robe (worn)
Books
 b - a book of Conjurations
Comestibles
 c - a ration


   Skills:
 - Level 2.4 Dodging
 - Level 2.6 Stealth
 - Level 2.1 Spellcasting
 + Level 4.2 Conjurations


You had 3 spell levels left.
You knew the following spells:

 Your Spells              Type           Power        Failure   Level  Hunger
a - Magic Dart            Conj           ###.         3%          1    #......


Dungeon Overview and Level Annotations

Branches:
Dungeon (1/15)

Altars:


Innate Abilities, Weirdness & Mutations

You are small and have problems with some larger weapons.
You are carnivorous and can eat meat at any time.


Message History

The goblin hits the plant but does no damage.
The hobgoblin hits the plant.
The jackal bites the plant but does no damage.
The bat closely misses you.
The hobgoblin hits the plant but does no damage.
The goblin hits the plant but does no damage.
The bat hits you.
* * * LOW HITPOINT WARNING * * *
The ooze hits the plant.
You take 1 damage, and have 2/10 hp.
You hit the plant but do no damage. The bat barely misses you.
The bat hits the plant.
The jackal bites the plant.
The jackal bites the plant but does no damage.
The bat hits the plant but does no damage.
The jackal bites the plant.
The giant cockroach bites the plant.
The jackal bites the plant but does no damage.
The hobgoblin hits the plant but does no damage.
The goblin hits the plant but does no damage.
The ooze hits the plant but does no damage.
The jackal bites the plant.
The bat hits you but does no damage.
The jackal bites the plant but does no damage.
The giant cockroach bites the plant.
The jackal bites the plant.
The goblin hits the plant with a dagger.
The hobgoblin hits the plant.
The jackal bites the plant but does no damage.
The bat misses you. The bat closely misses you.
The goblin hits the plant but does no damage.
The jackal bites the plant but does no damage.
The hobgoblin hits the plant.
The bat hits you.
* * * LOW HITPOINT WARNING * * *
The jackal bites the plant but does no damage.
The giant cockroach bites the plant but does no damage.
You take 1 damage, and have 1/10 hp.
The jackal bites the plant but does no damage.
The hobgoblin hits the plant but does no damage.
The jackal bites the plant but does no damage.
The bat hits you but does no damage.
Aim: a bat The magic dart hits the bat.
The bat misses you.
The bat hits the plant but does no damage.
The ooze hits the plant.
The hobgoblin completely misses the plant.
The jackal bites the plant but does no damage.
The bat hits the plant but does no damage.
You now have 0/3 mp.
You barely miss the bat. The bat barely misses you.
The bat hits you but does no damage.
The jackal bites the plant but does no damage. x2
The ooze completely misses the plant.
The giant cockroach waves its antennae.
The giant cockroach bites the plant but does no damage.
The hobgoblin hits the plant but does no damage.
The jackal bites the plant but does no damage. x2
You hit the bat. The bat misses you.
The bat hits the plant but does no damage.
The bat hits you but does no damage.
The jackal bites the plant but does no damage. x2
The giant cockroach bites the plant.
The jackal bites the plant.
The ooze hits the plant but does no damage.
The hobgoblin hits the plant.
The jackal bites the plant but does no damage. x2
The giant cockroach bites the plant but does no damage.
The jackal bites the plant.
The ooze hits the plant.
The hobgoblin hits the plant but does no damage.
You closely miss the bat. The bat hits you but does no damage. x2
The bat hits the plant but does no damage.
The jackal bites the plant but does no damage. x3
The giant cockroach bites the plant but does no damage.
The bat hits the plant but does no damage.
The goblin hits the plant but does no damage.
The ooze hits the plant but does no damage.
The jackal bites the plant but does no damage.
The hobgoblin hits the plant but does no damage.
The jackal bites the plant but does no damage. x2
The giant cockroach bites the plant but does no damage.
You hit the bat.
You kill the bat!
The jackal bites the plant.
The jackal completely misses the plant.
The goblin hits the plant but does no damage.
The jackal bites the plant but does no damage.
The hobgoblin hits the plant.
The giant cockroach bites the plant but does no damage.
The jackal bites the plant.
The hobgoblin hits the plant but does no damage.
The goblin hits the plant but does no damage.
There is a staircase leading out of the dungeon here.
Aim: an ooze The magic dart hits the ooze.
The jackal bites the plant but does no damage. x2
The ooze hits you but does no damage.
The hobgoblin hits the plant.
The jackal bites the plant but does no damage.
The goblin hits the plant but does no damage.
The jackal bites the plant.
You now have 0/3 mp.
You hit the ooze.
The jackal bites the plant but does no damage.
The giant cockroach bites the plant but does no damage.
The ooze hits you.
You die...

P.PP.PP.PP.PP.....
P.P.PP.P.PP.P.PP.....
P.P.P.PPP.P.P.PP.....
P.P.PP.P.PP.P.PP.....


P.PP.PP.PP.PP.PP.#.## PP.PP.PPP.PP.PPP##... PP.PPP...PPPhPPP...#.
PPP..PPPPPhsPPPP...# PPPPP..@JhPPPPPP#.... PPPPPPPPPPPPPPPP.....
.......g.###g.######. #.#....... #..... . ####$....>.#... ######....... .......
.# You could see an ooze, 3 jackals, a giant cockroach, a hobgoblin and a
goblin.

Vanquished Creatures
  A bat (D:1)
  A goblin (D:1)
  A hobgoblin (D:1)
3 creatures vanquished.

Notes
Turn   | Place    | Note
-------+----------+-------------------------------------------
     0 | D:1      | mhoghedin the Kobold Conjurer began the quest for the Orb.
     0 | D:1      | Reached XP level 1. HP: 10/10 MP: 3/3
    25 | D:1      | HP: 2/10 [goblin (1)]
    42 | D:1      | HP: 2/10 [bat (1)]
    54 | D:1      | Slain by an ooze

Vault maps used:
D:1:      roderic_crop_circles_arrival_small

Action                   || total
-------------------------++-------
Melee: Club              ||    14
       Unarmed           ||     1
 Cast: Magic Dart        ||     6
Armor: Robe              ||    12
Dodge: Dodged            ||    35

Table legend:
 A = Spawn XP
 B = Non-spawn XP
 C = Spawn XP percentage of total XP
 D = Spawn monster count
 E = Non-spawn monster count
 F = Spawn count percentage of total count
 G = Total turns spent on level
                    A         B        C        D         E        F      G
               +---------+---------+-------+---------+---------+-------+---------
         Total |       0 |       6 |   0.0 |       0 |       3 |   0.0 |    54
               +---------+---------+-------+---------+---------+-------+---------
           D:1 |       0 |       6 |   0.0 |       0 |       3 |   0.0 |    54
               +---------+---------+-------+---------+---------+-------+---------

Vault maps used:
D:1:      roderic_crop_circles_arrival_small

Table legend:
 A = Turns spent in this place as a percentage of turns spent in the entire game.
 B = Non-inter-level travel turns spent in this place as a percentage of non-inter-level travel turns spent in the entire game.
 C = Inter-level travel turns spent in this place as a percentage of turns spent in this place.
 D = Turns resting spent in this place as a percentage of non-inter-level travel turns spent in this place.
 E = Turns spent auto-exploring this place as a percentage of non-inter-level travel turns spent in this place.
 F = Non-inter-level travel turns spent in this place divided by the number of levels of this place that you've seen.
                   A       B       C       D       E      F
               +-------+-------+-------+-------+-------+----------------------
         Total | 100.0 | 100.0 |   0.0 |   0.0 |   9.3 |  54.0
       Dungeon | 100.0 | 100.0 |   0.0 |   0.0 |   9.3 |  54.0
               +-------+-------+-------+-------+-------+----------------------

Table legend:
 A = Kills in this place as a percentage of kills in entire the game.
 B = Kills by you in this place as a percentage of kills by you in the entire game.
 C = Kills by friends in this place as a percentage of kills by friends in the entire game.
 D = Other kills in this place as a percentage of other kills in the entire game.
 E = Experience gained in this place as a percentage of experience gained in the entire game.
 F = Experience gained in this place divided by the number of levels of this place that you have seen.
                   A       B       C       D       E      F
               +-------+-------+-------+-------+-------+----------------------
         Total | 100.0 | 100.0 |   N/A |   N/A | 100.0 |   6.0
       Dungeon | 100.0 | 100.0 |   N/A |   N/A | 100.0 |   6.0
               +-------+-------+-------+-------+-------+----------------------
